 Dungeon Crawl Stone Soup version 0.22-a0-42-g002c468 (webtiles) character file.

3721 tidbits the Reanimator (level 10, -10/73 HPs)
             Began as a Gnoll Necromancer on Jan 5, 2018.
             Was a Priest of Cheibriados.
             Killed from afar by a frost giant (49 damage)
             ... with a bolt of cold
             ... on level 11 of the Dungeon.
             The game lasted 00:28:27 (2693 turns).

tidbits the Reanimator (Gnoll Necromancer)          Turns: 2693, Time: 00:28:27

Health: -10/73     AC:  8    Str: 21    XL:     10   Next: 14%
Magic:  15/20      EV: 17    Int: 28    God:    Cheibriados [***...]
Gold:   250        SH:  6    Dex: 21    Spells: 6/23 levels left

rFire    . . .     SeeInvis .   P - +2 war axe (chop)
rCold    . . .     Gourm    .   D - +0 buckler (curse)
rNeg     . . .     Faith    .   B - +0 leather armour {rPois}
rPois    +         Spirit   .   (no helmet)
rElec    .         Reflect  .   (no cloak)
rCorr    .         Harm     .   G - +0 pair of gloves
MR       .....                  F - +2 pair of boots
Stlth    ++++......             x - amulet of regeneration
HPRegen  0.62/turn              W - ring of wizardry
MPRegen  0.17/turn              (no ring)

@: very slightly contaminated, invisible, very slow
A: distributed training, fangs 1, clumsy 1, strong 2, evolution 1, strong nose
a: Bend Time, Temporal Distortion, Renounce Religion


You were on level 11 of the Dungeon.
You worshipped Cheibriados.
Cheibriados was most pleased with you.
You were not hungry.

You visited 2 branches of the dungeon, and saw 12 of its levels.
You also visited: Sewer.

You collected 250 gold pieces.

Inventory:

Hand Weapons
 a - a +4 scimitar
 f - a +0 hand axe
 h - a +2 falchion of holy wrath
   (You found it on level 3 of the Dungeon)
 o - a +0 dagger
 p - a +0 hunting sling
 v - a +0 great sword
 A - a +0 morningstar
 E - a +1 dagger of venom
   (You took it off an orc wizard on level 6 of the Dungeon)
 K - a cursed +3 great sword of freezing
   (You took it off a wight on level 6 of the Dungeon)
 L - a +1 short sword of protection
   (You took it off a kobold on level 1 of the Dungeon)
 M - a +1 dagger of venom
   (You took it off an orc on level 6 of the Dungeon)
 N - a +2 halberd
 P - a +2 war axe of chopping (weapon)
   (You took it off an orc on level 6 of the Dungeon)
 R - a +2 dagger of venom
   (You took it off an orc wizard on level 6 of the Dungeon)
 S - a +0 hunting sling
Missiles
 e - 28 stones (quivered)
 I - 2 throwing nets {!f}
 T - 60 arrows
 U - 6 tomahawks
 Y - 17 sling bullets
Armour
 g - a +0 ring mail
 B - a +0 leather armour of poison resistance (worn)
   (You took it off an orc on level 6 of the Dungeon)
 D - a cursed +0 buckler (worn)
 F - a +2 pair of boots (worn)
 G - a +0 pair of gloves (worn)
 H - a +0 ring mail of cold resistance
   (You took it off an orc priest on level 6 of the Dungeon)
 Q - a +0 robe
Jewellery
 s - an uncursed ring of fire
   (You found it on level 2 of the Dungeon)
 x - an amulet of regeneration (around neck)
   (You found it on level 3 of the Dungeon)
 W - a ring of wizardry (left hand)
   (You found it on level 6 of the Dungeon)
Wands
 k - a wand of clouds (11)
 O - a wand of enslavement (7)
 V - a wand of paralysis (18)
Scrolls
 d - a scroll of enchant weapon {unknown}
 j - a scroll of amnesia {unknown}
 m - 4 scrolls of teleportation
 q - a scroll of magic mapping
 r - 5 scrolls of remove curse
 t - a scroll of random uselessness
 u - a scroll of immolation
 C - 3 scrolls of fog {unknown}
Potions
 i - a potion of agility {unknown}
 l - a potion of berserk rage
 w - a potion of might
 y - a potion of brilliance
 z - a potion of cancellation
 J - a potion of magic {unknown}
Books
 b - a book of Necromancy

   Spells                             Type                      Level
   a - Pain                           Necromancy                   1
   b - Animate Skeleton               Necromancy                   1
   c - Vampiric Draining              Necromancy                   3
   d - Regeneration                   Charms/Necromancy            3
   e - Animate Dead                   Necromancy                   4
   f - Borgnjor's Vile Clutch         Necromancy/Earth             5
Comestibles
 c - 13 rations


   Skills:
 + Level 4.9 Fighting
 + Level 4.9 Short Blades
 + Level 4.9 Long Blades
 + Level 4.9 Axes
 + Level 4.9 Maces & Flails
 + Level 4.9 Polearms
 + Level 4.9 Staves
 + Level 4.9 Slings
 + Level 4.9 Bows
 + Level 4.9 Crossbows
 + Level 4.9 Throwing
 + Level 4.9 Armour
 + Level 6.8 Dodging
 + Level 6.5 Stealth
 + Level 4.9 Shields
 + Level 4.9 Unarmed Combat
 + Level 7.1 Spellcasting
 + Level 4.0 Conjurations
 + Level 4.0 Hexes
 + Level 4.0 Charms
 + Level 4.0 Summonings
 + Level 8.3 Necromancy
 + Level 4.0 Translocations
 + Level 4.0 Transmutations
 + Level 4.0 Fire Magic
 + Level 4.0 Ice Magic
 + Level 4.0 Air Magic
 + Level 4.0 Earth Magic
 + Level 4.0 Poison Magic
 + Level 5.4 Invocations
 + Level 4.9 Evocations


You had 6 spell levels left.
You knew the following spells:

 Your Spells              Type           Power        Failure   Level  Hunger
a - Pain                  Necr           ####         1%          1    None
d - Vampiric Draining     Necr           ######....   1%          3    None
n - Animate Skeleton      Necr           N/A          1%          1    None
r - Regeneration          Chrm/Necr      #####.....   1%          3    None
v - Borgnjor's Vile Clut  Necr/Erth      #####.....   6%          5    #####..
N - Animate Dead          Necr           N/A          1%          4    ##.....


Dungeon Overview and Level Annotations

Branches:
Dungeon (11/15)            Temple (1/1) D:4            Lair (0/6) D:9
    Orc: D:9-12

Altars:
Ashenzari
Cheibriados
Dithmenos
Elyvilon
Fedhas
Gozag
Hepliaklqana
Kikubaaqudgha
Makhleb
Nemelex Xobeh
Okawaru
Qazlal
Ru
Sif Muna
Trog
Uskayaw
Vehumet
Wu Jian
Yredelemnul
Zin
The Shining One

Annotations:
D:3 Sigmund


Innate Abilities, Weirdness & Mutations

Your experience applies equally to all skills.
You have very sharp teeth.
Your uncanny sense of smell can sniff out nearby items.
You are clumsy. (Dex -2)
Your muscles are very strong. (Str +4)
You evolve.


Message History

The magic dart hits you! Something barely misses you.
Casting: Borgnjor's Vile Clutch
Confirm with . or Enter, or press ? or * to list all spells.
Aiming: Vampiric Draining
Press: ? - help, Shift-Dir - straight line, f - you Cheibriados thoroughly appreciates the change of pace.
You feel a bit more experienced.
You feel life coursing into your body.
Things that are here:
a dagger; a robe; an orc corpse
Things that are here:
a tomahawk; 2 arrows
T - 58 arrows (gained 2);
U - 3 tomahawks (gained 1)
Things that are here:
a tomahawk; 2 arrows
T - 60 arrows (gained 2);
U - 4 tomahawks (gained 1)
Things that are here:
a dagger; a robe; an orc corpse
Things that are here:
an uncursed shortbow; 12 arrows; a centaur corpse
Casting: Vampiric Draining
Confirm with . or Enter, or press ? or * to list all spells.
You attempt to give life to the dead...
Before your eyes, flesh is ripped from the corpse!
The dead are walking!
Things that are here:
6 chunks of flesh; an uncursed shortbow; 12 arrows Eat one of 6 chunks of flesh? (ye/n/q)
You eat one of the 6 chunks of flesh.
This raw flesh tastes terrible.
You are feeling hungry.
Eat one of 5 chunks of flesh? (ye/n/q)
You eat one of the 5 chunks of flesh.
This raw flesh tastes terrible.
Items here: ( ))) [[ †††
U - 6 tomahawks (gained 2) HP restored.
Found a stone staircase leading down.
There is a stone staircase leading down here.
You climb downwards.
Your mindless thrall stays behind.
There is a stone staircase leading up here.
You open the door.
There is an open door here.
Found a robe.
You open the door.
There is an open door here.
You open the door.
There is an open door here.
You see here a robe.
You open the door.
There is an open door here.
Found a shortbow.
An ice beast and a frost giant come into view.
The frost giant is wielding a battleaxe of freezing.
The frost giant shouts!
You hear an angry growl.
The frost giant unwields an uncursed battleaxe of freezing.
The frost giant drops an uncursed battleaxe of freezing.
The frost giant picks up the broad axe "Hosinucs" {freeze}.
The frost giant wields the broad axe "Hosinucs" {freeze}.
It glows with a cold blue light!
You hear an angry growl.
Found an uncursed battleaxe of freezing.
An ice beast comes into view.
A polar bear and a quasit come into view.
The polar bear moves out of view.
Found a phial of floods and a staff of cold.
A polar bear and an ice beast come into view.
Unknown command.
Okay, then.
Okay, then.
Wield which item (- for none, * to show all)? (? for menu, Esc to quit)
Your +2 falchion of holy wrath stops glowing.
P - a +2 war axe of chopping (weapon)
You fade into invisibility!
The ice beast closely misses you.
You are very lightly contaminated with residual magic.
You slash the ice beast!
The ice beast is severely wounded.
You block the ice beast's attack.
You closely miss the ice beast.
You bite the ice beast, but do no damage.
The ice beast is severely wounded.
Casting: Animate Skeleton
Confirm with . or Enter, or press ? or * to list all spells.
Aiming: Borgnjor's Vile Clutch
Press: ? - help, Dir - move target cursor, f - frost giant
Aim: a frost giant, wielding the broad axe "Hosinucs" {freeze} Decaying hands burst forth from the earth!
Zombie hands grab the frost giant.
Zombie hands grab the ice beast.
The zombie hands constrict the ice beast!
You kill the ice beast!
Cheibriados appreciates the change of pace.
The zombie hands constrict the frost giant.
The frost giant gestures at you while chanting.
The bolt of cold hits you!
Unknown command.
The zombie hands constrict the frost giant!!
The frost giant hits you with the broad axe "Hosinucs" {freeze}!
The frost giant freezes you.
The frost giant points at you and mumbles some strange words.
The bolt of cold hits you!
Ouch! That really hurt!
You die...

### ##. '... #... ...
#...# ... #....
#......###'##..)#
#......#...#...#
#......#...#...#..|
#......#...Ch#...)8
#......#..@#...#..}
.......#...#...#
.......#...##...#
.......'....##....
.......#.....##...#
.......#.....# #...
#+#
########.....#####.
##..##..............#
#....#.........[....#


You could see a frost giant and a polar bear.

Vanquished Creatures
  Joseph (D:7)
  6 yaks
  A wyvern (D:6)
  2 orc warriors
  2 ice beasts
  An ogre (D:3)
  5 centaurs
  A bullfrog (D:6)
  A scorpion (D:6)
  6 killer bees (D:10)
  7 wights
  4 orc priests
  3 hounds
  2 jellies
  Terence (D:2)
  7 orc wizards
  5 worker ants
  A hound zombie (D:6)
  A hound skeleton (D:6)
  3 gnolls (D:6)
  9 adders
  A shadow imp (D:9)
  An ooze (D:1)
  4 worms
  A dart slug (D:1)
  2 leopard geckos
  10 orcs
  5 giant cockroaches
  10 goblins
  7 hobgoblins
  9 jackals
  2 quokkas
  5 ball pythons
  10 bats
  6 frilled lizards
  13 kobolds
  2 rats
157 creatures vanquished.

Vanquished Creatures (collateral kills)
  A wight (D:6)
  An orc wizard (D:5)
  A shadow imp (D:5)
  3 orcs
  A hobgoblin (D:2)
  A frilled lizard (D:2)
  A leopard gecko skeleton (D:6)
9 creatures vanquished.

Grand Total: 166 creatures vanquished

Notes
Turn   | Place    | Note
-------+----------+-------------------------------------------
     0 | D:1      | tidbits the Gnoll Necromancer began the quest for the Orb.
     0 | D:1      | Reached XP level 1. HP: 13/13 MP: 6/6
    93 | D:1      | You fall through a shaft!
   108 | D:1      | Reached XP level 2. HP: 15/19 MP: 5/7
   249 | D:1      | Reached XP level 3. HP: 10/25 MP: 3/9
   252 | D:1      | Learned a level 1 spell: Animate Skeleton
   256 | D:1      | Learned a level 3 spell: Vampiric Draining
   260 | D:1      | Learned a level 3 spell: Regeneration
   320 | D:1      | Reached skill level 5 in Spellcasting
   404 | D:2      | Noticed Terence
   413 | D:2      | Killed Terence
   413 | D:2      | Reached skill level 1 in Fighting
   413 | D:2      | Reached skill level 1 in Short Blades
   413 | D:2      | Reached skill level 1 in Long Blades
   413 | D:2      | Reached skill level 1 in Axes
   413 | D:2      | Reached skill level 1 in Maces & Flails
   413 | D:2      | Reached skill level 1 in Polearms
   413 | D:2      | Reached skill level 1 in Staves
   413 | D:2      | Reached skill level 1 in Slings
   413 | D:2      | Reached skill level 1 in Bows
   413 | D:2      | Reached skill level 1 in Crossbows
   413 | D:2      | Reached skill level 1 in Throwing
   413 | D:2      | Reached skill level 1 in Armour
   413 | D:2      | Reached skill level 1 in Shields
   413 | D:2      | Reached skill level 1 in Unarmed Combat
   413 | D:2      | Reached skill level 1 in Invocations
   413 | D:2      | Reached skill level 1 in Evocations
   413 | D:2      | Reached XP level 4. HP: 25/32 MP: 8/11
   541 | D:2      | Reached skill level 1 in Conjurations
   541 | D:2      | Reached skill level 1 in Hexes
   541 | D:2      | Reached skill level 1 in Charms
   541 | D:2      | Reached skill level 1 in Summonings
   541 | D:2      | Reached skill level 1 in Translocations
   541 | D:2      | Reached skill level 1 in Transmutations
   541 | D:2      | Reached skill level 1 in Fire Magic
   541 | D:2      | Reached skill level 1 in Ice Magic
   541 | D:2      | Reached skill level 1 in Air Magic
   541 | D:2      | Reached skill level 1 in Earth Magic
   541 | D:2      | Reached skill level 1 in Poison Magic
   673 | D:3      | Found a faded altar of an unknown god.
   744 | D:3      | Noticed an ogre
   755 | D:3      | Killed an ogre
   755 | D:3      | Reached XP level 5. HP: 12/37 MP: 6/12
   825 | D:3      | Found a glowing drain.
   836 | Sewer    | Entered a sewer
   872 | Sewer    | Reached XP level 6. HP: 30/44 MP: 4/13
   987 | Sewer    | Reached skill level 2 in Invocations
  1082 | D:3      | Noticed Sigmund
  1266 | D:4      | You fall through a shaft!
  1266 | D:5      | Entered Level 5 of the Dungeon
  1321 | D:5      | Reached skill level 5 in Dodging
  1336 | D:4      | Reached skill level 2 in Fighting
  1336 | D:4      | Reached skill level 2 in Short Blades
  1336 | D:4      | Reached skill level 2 in Long Blades
  1336 | D:4      | Reached skill level 2 in Axes
  1336 | D:4      | Reached skill level 2 in Maces & Flails
  1336 | D:4      | Reached skill level 2 in Polearms
  1336 | D:4      | Reached skill level 2 in Staves
  1336 | D:4      | Reached skill level 2 in Slings
  1336 | D:4      | Reached skill level 2 in Bows
  1336 | D:4      | Reached skill level 2 in Crossbows
  1336 | D:4      | Reached skill level 2 in Throwing
  1336 | D:4      | Reached skill level 2 in Armour
  1336 | D:4      | Reached skill level 2 in Shields
  1336 | D:4      | Reached skill level 2 in Unarmed Combat
  1336 | D:4      | Reached skill level 2 in Evocations
  1363 | D:4      | Found a staircase to the Ecumenical Temple.
  1372 | Temple   | Entered the Ecumenical Temple
  1409 | Temple   | Became a worshipper of Cheibriados the Contemplative
  1539 | D:6      | Reached XP level 7. HP: 34/50 MP: 5/15
  1547 | D:6      | Gained mutation: You are clumsy. (Dex -2) [potion of mutation]
  1547 | D:6      | Gained mutation: You evolve. [potion of mutation]
  1547 | D:6      | Gained mutation: Your muscles are strong. (Str +2) [potion of mutation]
  1585 | D:7      | Noticed a yak
  1585 | D:7      | Noticed a yak
  1585 | D:7      | Noticed a yak
  1586 | D:7      | Noticed a yak
  1587 | D:7      | Noticed a yak
  1603 | D:6      | Killed a yak
  1603 | D:6      | Reached skill level 2 in Conjurations
  1603 | D:6      | Reached skill level 2 in Hexes
  1603 | D:6      | Reached skill level 2 in Charms
  1603 | D:6      | Reached skill level 2 in Summonings
  1603 | D:6      | Reached skill level 2 in Translocations
  1603 | D:6      | Reached skill level 2 in Transmutations
  1603 | D:6      | Reached skill level 2 in Fire Magic
  1603 | D:6      | Reached skill level 2 in Ice Magic
  1603 | D:6      | Reached skill level 2 in Air Magic
  1603 | D:6      | Reached skill level 2 in Earth Magic
  1603 | D:6      | Reached skill level 2 in Poison Magic
  1612 | D:6      | Learned a level 5 spell: Borgnjor's Vile Clutch
  1617 | D:6      | Learned a level 4 spell: Animate Dead
  1664 | D:6      | Gained mutation: Your muscles are very strong. (Str +4) [evolution]
  1698 | D:6      | Reached skill level 5 in Stealth
  1752 | D:5      | Reached skill level 3 in Invocations
  1814 | D:6      | Noticed a wyvern
  1821 | D:6      | Reached XP level 8. HP: 39/57 MP: 4/16
  1822 | D:6      | Killed a wyvern
  1822 | D:6      | Reached skill level 3 in Fighting
  1822 | D:6      | Reached skill level 3 in Short Blades
  1822 | D:6      | Reached skill level 3 in Long Blades
  1822 | D:6      | Reached skill level 3 in Axes
  1822 | D:6      | Reached skill level 3 in Maces & Flails
  1822 | D:6      | Reached skill level 3 in Polearms
  1822 | D:6      | Reached skill level 3 in Staves
  1822 | D:6      | Reached skill level 3 in Slings
  1822 | D:6      | Reached skill level 3 in Bows
  1822 | D:6      | Reached skill level 3 in Crossbows
  1822 | D:6      | Reached skill level 3 in Throwing
  1822 | D:6      | Reached skill level 3 in Armour
  1822 | D:6      | Reached skill level 3 in Shields
  1822 | D:6      | Reached skill level 3 in Unarmed Combat
  1822 | D:6      | Reached skill level 3 in Evocations
  1838 | D:6      | Reached skill level 6 in Spellcasting
  1913 | D:6      | Noticed a shadow
  1913 | D:6      | Noticed a shadow
  1961 | D:6      | Reached * piety under Cheibriados
  2046 | D:6      | Reached skill level 4 in Invocations
  2080 | D:6      | Reached skill level 3 in Conjurations
  2080 | D:6      | Reached skill level 3 in Hexes
  2080 | D:6      | Reached skill level 3 in Charms
  2080 | D:6      | Reached skill level 3 in Summonings
  2080 | D:6      | Reached skill level 3 in Translocations
  2080 | D:6      | Reached skill level 3 in Transmutations
  2080 | D:6      | Reached skill level 3 in Fire Magic
  2080 | D:6      | Reached skill level 3 in Ice Magic
  2080 | D:6      | Reached skill level 3 in Air Magic
  2080 | D:6      | Reached skill level 3 in Earth Magic
  2080 | D:6      | Reached skill level 3 in Poison Magic
  2080 | D:6      | Reached XP level 9. HP: 48/65 MP: 4/18
  2080 | D:6      | Reached skill level 6 in Dodging
  2137 | D:6      | Reached ** piety under Cheibriados
  2191 | D:7      | Found a sparkling altar of Nemelex Xobeh.
  2238 | D:7      | Noticed Joseph
  2249 | D:7      | Killed Joseph
  2249 | D:7      | Reached skill level 4 in Fighting
  2249 | D:7      | Reached skill level 4 in Short Blades
  2249 | D:7      | Reached skill level 4 in Long Blades
  2249 | D:7      | Reached skill level 4 in Axes
  2249 | D:7      | Reached skill level 4 in Maces & Flails
  2249 | D:7      | Reached skill level 4 in Polearms
  2249 | D:7      | Reached skill level 4 in Staves
  2249 | D:7      | Reached skill level 4 in Slings
  2249 | D:7      | Reached skill level 4 in Bows
  2249 | D:7      | Reached skill level 4 in Crossbows
  2249 | D:7      | Reached skill level 4 in Throwing
  2249 | D:7      | Reached skill level 4 in Armour
  2249 | D:7      | Reached skill level 4 in Shields
  2249 | D:7      | Reached skill level 4 in Unarmed Combat
  2249 | D:7      | Reached skill level 4 in Evocations
  2293 | D:7      | Reached skill level 6 in Stealth
  2293 | D:7      | Reached skill level 8 in Necromancy
  2354 | D:8      | Reached skill level 5 in Invocations
  2472 | D:10     | Entered Level 10 of the Dungeon
  2494 | D:10     | Reached *** piety under Cheibriados
  2494 | D:10     | Reached XP level 10. HP: 73/73 MP: 14/20
  2500 | D:10     | Reached skill level 7 in Spellcasting
  2532 | D:9      | Found a glowing silver altar of Zin.
  2600 | D:10     | Reached skill level 4 in Conjurations
  2600 | D:10     | Reached skill level 4 in Hexes
  2600 | D:10     | Reached skill level 4 in Charms
  2600 | D:10     | Reached skill level 4 in Summonings
  2600 | D:10     | Reached skill level 4 in Translocations
  2600 | D:10     | Reached skill level 4 in Transmutations
  2600 | D:10     | Reached skill level 4 in Fire Magic
  2600 | D:10     | Reached skill level 4 in Ice Magic
  2600 | D:10     | Reached skill level 4 in Air Magic
  2600 | D:10     | Reached skill level 4 in Earth Magic
  2600 | D:10     | Reached skill level 4 in Poison Magic
  2684 | D:11     | Noticed a frost giant
  2693 | D:11     | Killed from afar by a frost giant

Vault maps used:
D:1:      dpeg_arrival_morbid_curiosity
D:2:      grunt_ministairs_11, uniq_terence
D:3:      lightli_sewer_entry_pipes, chequers_ecumenical_altar_island,
          uniq_sigmund
D:4:      minmay_temple_entry_mist, first_ration, minmay_misc_feat_four_crosses,
          hangedman_abyss_or_decor_stabs, tgw_kikubaaqudgha
D:6:      kennysheep_mini
D:7:      basic_altar, enter_bailey_3, grunt_ogre_cave, uniq_joseph
D:9:      grunt_lair_entry_orc_guard_hut, basic_altar, evilmike_ruin_ashenzari
D:11:     minmay_coctagon, orc_0_dummy, nicolae_gozag_seed_capital, uniq_maurice
Temple:   nicolae_temple_the_god_donut
Sewer:    sewer_co_scattered_pipes

Skill      XL: |  1  2  3  4  5  6  7  8  9 10 |
---------------+-------------------------------+-----
Spellcasting   | 5 6 7 |  7.1
Fighting       | 1 2 3 4 |  4.9
Short Blades   | 1 2 3 4 |  4.9
Long Blades    | 1 2 3 4 |  4.9
Axes           | 1 2 3 4 |  4.9
Maces & Flails | 1 2 3 4 |  4.9
Polearms       | 1 2 3 4 |  4.9
Staves         | 1 2 3 4 |  4.9
Slings         | 1 2 3 4 |  4.9
Bows           | 1 2 3 4 |  4.9
Crossbows      | 1 2 3 4 |  4.9
Throwing       | 1 2 3 4 |  4.9
Armour         | 1 2 3 4 |  4.9
Shields        | 1 2 3 4 |  4.9
Unarmed Combat | 1 2 3 4 |  4.9
Invocations    | 1 2 3 4 5 |  5.4
Evocations     | 1 2 3 4 |  4.9
Conjurations   | 1 2 3 4 |  4.0
Hexes          | 1 2 3 4 |  4.0
Charms         | 1 2 3 4 |  4.0
Summonings     | 1 2 3 4 |  4.0
Translocations | 1 2 3 4 |  4.0
Transmutations | 1 2 3 4 |  4.0
Fire Magic     | 1 2 3 4 |  4.0
Ice Magic      | 1 2 3 4 |  4.0
Air Magic      | 1 2 3 4 |  4.0
Earth Magic    | 1 2 3 4 |  4.0
Poison Magic   | 1 2 3 4 |  4.0
Dodging        | 5 6 |  6.8
Stealth        | 5 6 |  6.5
Necromancy     | 8 |  8.3

Action                   |  1- 3 |  4- 6 |  7- 9 | 10-12 || total
-------------------------+-------+-------+-------+-------++-------
Melee: Short sword       |    16 |   121 |   104 |       ||   241
       Hand axe          |     1 |       |       |       ||     1
       Bite              |     1 |    11 |    28 |     7 ||    47
       Dagger            |       |     1 |     3 |     8 ||    12
       Scimitar          |       |       |    45 |       ||    45
       Falchion          |       |       |       |    19 ||    19
       War axe           |       |       |       |     2 ||     2
 Cast: Pain              |    31 |    66 |    27 |       ||   124
       Regeneration      |     1 |     2 |     5 |     1 ||     9
       Vampiric Draining |       |     6 |     5 |     1 ||    12
       Animate Skeleton  |       |     5 |     6 |     1 ||    12
       Borgnjor's Vile C |       |       |     9 |     4 ||    13
       Animate Dead      |       |       |     1 |     1 ||     2
Invok: Bend Time         |       |       |     3 |       ||     3
  Use: Scroll            |       |     2 |    12 |     1 ||    15
       Potion            |       |       |     8 |     1 ||     9
 Stab: Sleeping          |     4 |     4 |     4 |       ||    12
       Distracted        |       |     1 |       |     1 ||     2
  Eat: Chunk             |       |     3 |     6 |     2 ||    11
Armor: Robe              |     5 |    50 |    50 |     3 ||   108
       Leather armour    |       |       |       |     5 ||     5
Dodge: Dodged            |    21 |   115 |   157 |    17 ||   310
Block: Buckler           |       |    12 |    41 |    16 ||    69
       Rpst.: Scimitar   |       |       |    15 |       ||    15
       Falchion          |       |       |       |     2 ||     2

Table legend:
 A = Spawn XP
 B = Non-spawn XP
 C = Spawn XP percentage of total XP
 D = Spawn monster count
 E = Non-spawn monster count
 F = Spawn count percentage of total count
 G = Total turns spent on level
                    A         B        C        D         E        F      G
               +---------+---------+-------+---------+---------+-------+---------
         Total |       0 |    5317 |   0.0 |       0 |     166 |   0.0 |  2693
               +---------+---------+-------+---------+---------+-------+---------
           D:1 |       0 |      45 |   0.0 |       0 |      22 |   0.0 |   355
           D:2 |       0 |     105 |   0.0 |       0 |      22 |   0.0 |   250
           D:3 |       0 |     180 |   0.0 |       0 |      19 |   0.0 |   441
           D:4 |       0 |      46 |   0.0 |       0 |       2 |   0.0 |    80
           D:5 |       0 |     299 |   0.0 |       0 |      14 |   0.0 |   211
           D:6 |       0 |    1861 |   0.0 |       0 |      39 |   0.0 |   534
           D:7 |       0 |    1520 |   0.0 |       0 |      13 |   0.0 |   216
           D:8 |       0 |     291 |   0.0 |       0 |       4 |   0.0 |    93
           D:9 |       0 |      47 |   0.0 |       0 |       3 |   0.0 |    71
          D:10 |       0 |     772 |   0.0 |       0 |      12 |   0.0 |   138
          D:11 |       0 |     129 |   0.0 |       0 |       1 |   0.0 |    39
         Sewer |       0 |      22 |   0.0 |       0 |      15 |   0.0 |   210
               +---------+---------+-------+---------+---------+-------+---------

Table legend:
 A = Turns spent in this place as a percentage of turns spent in the entire game.
 B = Non-inter-level travel turns spent in this place as a percentage of non-inter-level travel turns spent in the entire game.
 C = Inter-level travel turns spent in this place as a percentage of turns spent in this place.
 D = Turns resting spent in this place as a percentage of non-inter-level travel turns spent in this place.
 E = Turns spent auto-exploring this place as a percentage of non-inter-level travel turns spent in this place.
 F = Non-inter-level travel turns spent in this place divided by the number of levels of this place that you've seen.
                   A       B       C       D       E      F
               +-------+-------+-------+-------+-------+----------------------
         Total | 100.0 | 100.0 |   0.3 |   0.0 |   0.0 | 206.6
       Dungeon |  90.2 |  90.4 |   0.0 |   0.0 |   0.0 | 220.7
        Temple |   2.0 |   1.8 |  12.7 |   0.0 |   0.0 |  48.0
         Sewer |   7.8 |   7.8 |   0.0 |   0.0 |   0.0 | 210.0
               +-------+-------+-------+-------+-------+----------------------

Table legend:
 A = Kills in this place as a percentage of kills in entire the game.
 B = Kills by you in this place as a percentage of kills by you in the entire game.
 C = Kills by friends in this place as a percentage of kills by friends in the entire game.
 D = Other kills in this place as a percentage of other kills in the entire game.
 E = Experience gained in this place as a percentage of experience gained in the entire game.
 F = Experience gained in this place divided by the number of levels of this place that you have seen.
                   A       B       C       D       E      F
               +-------+-------+-------+-------+-------+----------------------
         Total | 100.0 | 100.0 | 100.0 |   N/A | 100.0 | 409.0
       Dungeon |  91.0 |  90.4 | 100.0 |   N/A |  99.6 | 481.4
         Sewer |   9.0 |   9.6 |   0.0 |   N/A |   0.4 |  22.0
               +-------+-------+-------+-------+-------+----------------------

Vault maps used:
D:1:      dpeg_arrival_morbid_curiosity
D:2:      grunt_ministairs_11, uniq_terence
D:3:      lightli_sewer_entry_pipes, chequers_ecumenical_altar_island,
          uniq_sigmund
D:4:      minmay_temple_entry_mist, first_ration, minmay_misc_feat_four_crosses,
          hangedman_abyss_or_decor_stabs, tgw_kikubaaqudgha
D:6:      kennysheep_mini
D:7:      basic_altar, enter_bailey_3, grunt_ogre_cave, uniq_joseph
D:9:      grunt_lair_entry_orc_guard_hut, basic_altar, evilmike_ruin_ashenzari
D:11:     minmay_coctagon, orc_0_dummy, nicolae_gozag_seed_capital, uniq_maurice
Temple:   nicolae_temple_the_god_donut
Sewer:    sewer_co_scattered_pipes
